 Dungeon Crawl Stone Soup version 0.28-a0-108-g844de0d849 (webtiles) character file.

Game seed: 7184313446908564643

224650 fjnnd the Geomancer (level 19, -1/115 HPs)
             Began as a Gargoyle Earth Elementalist on Aug 12, 2021.
             Was the Champion of Vehumet.
             Killed from afar by Nikola (45 damage)
             ... with an arc of chain lightning
             ... on level 1 of the Snake Pit.
             The game lasted 01:39:07 (35302 turns).

fjnnd the Geomancer (Gargoyle Earth Elementalist)  Turns: 35302, Time: 01:39:07

Health: -1/115     AC: 38    Str: 17    XL:     19   Next: 69%
Magic:  11/35      EV: 21    Int: 27    God:    Vehumet [******]
Gold:   2019       SH:  5    Dex: 16    Spells: 19/43 levels left

rFire   . . .      SeeInvis +   e - +8 morningstar of Tomorrow {vorpal, rPois rN+}
rCold   + . .      Faith    .   (no shield)
rNeg    + + .      Spirit   .   I - +5 steam dragon scales
rPois   ∞          Reflect  +   R - +2 helmet
rElec   +          Harm     .   T - +2 cloak {rC+}
rCorr   .          Rampage  .   b - +2 pair of gloves
Will    +....                   j - +2 pair of boots
Stlth   ++........              d - amulet "Renwibof" {Reflect Str+4 SH+5 SInv}
HPRegen 0.29/turn               l - ring of protection from cold
MPRegen 0.24/turn               S - ring "Ileopiz" {rPois rC- EV+4 Int+4 Dex+6}

@: flying
A: sickness immunity, AC +14, big wings, negative energy resistance 1,
electricity resistance, torment resistance 1, petrification resistance
a: Renounce Religion


You were on level 1 of the Snake Pit.
You worshipped Vehumet.
Vehumet was exalted by your worship.
You visited 5 branches of the dungeon, and saw 25 of its levels.
You visited the Abyss 1 time.
You also visited: Ossuary, Bailey and Ice Cave.

You collected 4064 gold pieces.
You spent 2045 gold pieces at shops.

Inventory:

Hand Weapons
 e - the +8 morningstar of Tomorrow (weapon) {vorpal, rPois rN+}
   (You found it on level 13 of the Dungeon)

   It inflicts extra damage upon your enemies.
   rPois:     It protects you from poison.
   rN:        It protects you from negative energy.
 U - the +4 dire flail of Kourph {freeze, rC+ Will+ MP+9}
   (You found it in an ice cave)

   It freezes those it strikes, dealing additional cold damage.
   It can also slow down cold-blooded creatures.
   rC:        It protects you from cold.
   MP:        It affects your magic capacity (+9).
   Will:      It increases your willpower.
Missiles
 c - 393 stones
 O - a throwing net
Armour
 b - a +2 pair of gloves (worn)
 j - a +2 pair of boots (worn)
 I - +5 steam dragon scales (worn)
 R - a +2 helmet (worn)
 T - a +2 cloak of cold resistance (worn)
Magical Staves
 n - a staff of fire
Jewellery
 d - the amulet "Renwibof" (around neck) {Reflect Str+4 SH+5 SInv}
   (You found it on level 1 of the Lair of Beasts)

   [amulet of reflection]

   It reflects blocked missile attacks.
   Str:       It affects your strength (+4).
   SInv:      It lets you see invisible.
   SH:        It affects your SH (+5).
 l - a ring of protection from cold (left hand)
 S - the ring "Ileopiz" (right hand) {rPois rC- EV+4 Int+4 Dex+6}
   (You found it in an ice cave)

   [ring of evasion]

   EV:        It affects your evasion (+4).
   Int:       It affects your intelligence (+4).
   Dex:       It affects your dexterity (+6).
   rC:        It makes you vulnerable to cold.
   rPois:     It protects you from poison.
Wands
 g - a wand of flame (59)
 z - a wand of iceblast (27)
 B - a wand of paralysis (10)
 D - a wand of polymorph (20)
 L - a wand of charming (32)
Scrolls
 a - a scroll of holy word
 i - 8 scrolls of teleportation
 p - 4 scrolls of blinking
 r - 4 scrolls of amnesia
 t - 2 scrolls of fear
 v - 2 scrolls of immolation
 Q - 13 scrolls of identify
 V - a scroll of fog
 Y - 2 scrolls of magic mapping
Potions
 f - 2 potions of resistance
 h - 3 potions of mutation
 k - 4 potions of magic
 m - 12 potions of curing
 o - 5 potions of might
 q - 8 potions of brilliance
 u - 5 potions of heal wounds
 y - 2 potions of ambrosia
 C - 4 potions of cancellation
 G - a potion of invisibility
 Z - 2 potions of berserk rage
Miscellaneous
 s - a lightning rod (4/4)
 w - a condenser vane (inert)
 M - a phantom mirror
 P - a phial of floods


   Skills:
 + Level 11.3 Fighting
 + Level 10.4 Maces & Flails
 - Level 6.0 Armour
 + Level 9.0 Dodging
 - Level 2.1 Stealth
 + Level 12.5 Spellcasting
 + Level 13.0 Conjurations
 - Level 0.7 Transmutations
 * Level 11.7 Fire Magic
 + Level 14.5 Earth Magic
 + Level 9.6 Evocations


You had 19 spell levels left.
You knew the following spells:

 Your Spells              Type           Power      Damage    Failure   Level
a - Sandblast             Erth           100%       2d20      0%          1
b - Stone Arrow           Conj/Erth      100%       3d13      1%          3
c - Lee's Rapid Deconstr  Erth           38%        3d20*     1%          5
d - Irradiate             Conj/Tmut      26%        3d22      1%          5
e - Bolt of Magma         Conj/Fire/Erth 36%        4d16      1%          5
f - Fireball              Conj/Fire      35%        3d15      1%          5

Your spell library contained the following spells:

 Spells                   Type           Power      Damage    Failure   Level
 Spellforged Servitor     Conj/Summ      25%        N/A       41%         7
 Shock                    Conj/Air       100%       1d9       1%          1
 Passwall                 Tmut/Erth      45%        N/A       1%          2
 Static Discharge         Conj/Air       51%        N/A       1%          2
 Hailstorm                Conj/Ice       51%        3d11      1%          4
 Leda's Liquefaction      Hex/Erth       27%        N/A       1%          4
 Petrify                  Tmut/Erth      55%        N/A       1%          4
 Sticky Flame             Conj/Fire      71%        2d8       1%          4
 Corona                   Hex            17%        N/A       3%          1
 Summon Small Mammal      Summ           64%        N/A       3%          1
 Ensorcelled Hibernation  Hex/Ice        32%        N/A       4%          2
 Airstrike                Air            8%         N/A       9%          4
 Call Canine Familiar     Summ           16%        N/A       10%         3
 Gell's Gravitas          Tloc           8%         N/A       10%         3
 Lesser Beckoning         Tloc           8%         N/A       10%         3
 Summon Guardian Golem    Hex/Summ       16%        N/A       10%         3
 Swiftness                Air            16%        N/A       10%         3
 Teleport Other           Tloc           16%        N/A       10%         3
 Tukima's Dance           Hex            16%        N/A       10%         3
 Conjure Ball Lightning   Conj/Air       25%        3x3d7     10%         6
 Ice Form                 Ice/Tmut       18%        N/A       28%         4
 Animate Dead             Necr           8%         N/A       32%         4
 Dispel Undead            Necr           16%        3d10      32%         4
 Blade Hands              Tmut           10%        N/A       56%         5
 Dispersal                Tloc           8%         N/A       99%         6
 Simulacrum               Ice/Necr       8%         N/A       99%         6
 Dragon Form              Tmut           10%        N/A       100%        7
 Haunt                    Necr/Summ      8%         N/A       100%        7
 Malign Gateway           Summ/Tloc      8%         N/A       100%        7
 Infestation              Necr           8%         N/A       100%        8
 Statue Form              Tmut/Erth      Unusable   N/A       N/A         6

Dungeon Overview and Level Annotations

Branches:
Dungeon (15/15)            Temple (1/1) D:4            Lair (6/6) D:11
  Swamp (0/4) Lair:3        Snake (1/4) Lair:3        Slime (0/5) Lair:5
    Orc (2/2) D:12            Elf (0/3) Orc:2        Vaults (0/5) D:14
 Depths (0/5) D:15        Ossuary (visited)          Bailey (visited)
  IceCv (visited)

Altars:
Ashenzari
Cheibriados
Dithmenos
Fedhas
Gozag
Hepliaklqana
Kikubaaqudgha
Makhleb
Okawaru
Qazlal
Ru
Sif Muna
Trog
Uskayaw
Vehumet
Wu Jian
Xom
Yredelemnul
Zin
The Shining One
Beogh
Lugonu

Shops:
D:7 *   D:12 *   Orc:2 **[*

Portals:
Abyss: Lair:6

Annotations:
D:12 3 runed translucent doors, nefef's ghost, journeyman GrEE
Lair:2 1 runed translucent door, makewrite's ghost, journeyman MiMo
Snake:1 Nikola


Innate Abilities, Weirdness & Mutations

You are immune to sickness and miasma.
Your stone body is resilient. (AC +14)
You are immune to poison.
Your large and strong wings let you fly.
You resist negative energy. (rN+)
You are resistant to electric shocks. (rElec)
You are resistant to unholy torment.
You are immune to petrification.


Message History

Casting: Bolt of Magma (safe; 1% risk of failure)
Confirm with . or Enter, or press ? or * to list all spells.
Aiming: Bolt of Magma (safe; 1% risk of failure)
Press: ? - help, Shift-Dir - straight line, f - Nikola
Aim: Nikola, wielding a +2 rapier of electrocution, wearing a +0 cloak of poison resistance and wearing a +0 pair of gloves (flame, moderately wounded, 75% to hit)
The bolt of magma hits Nikola!
Nikola is moderately wounded.
Nikola is engulfed in blazing flames. x2
Nikola casts a spell.
Lightning arcs from Nikola's hands!
The bolt of lightning hits you!! You resist.
A bolt of lightning appears from out of thin air!
The bolt of lightning hits Nikola!
Casting: Bolt of Magma (safe; 1% risk of failure)
Confirm with . or Enter, or press ? or * to list all spells.
Aiming: Bolt of Magma (safe; 1% risk of failure)
Press: ? - help, Shift-Dir - straight line, f/p - Nikola
Aim: Nikola, wielding a +2 rapier of electrocution, wearing a +0 cloak of poison resistance and wearing a +0 pair of gloves (flame, heavily wounded, 75% to hit)
The bolt of magma hits Nikola!
Nikola is heavily wounded.
Nikola is engulfed in blazing flames.
Nikola gestures wildly while chanting.
Lightning arcs from Nikola's hands!
The bolt of lightning hits you!!! You resist.
A bolt of lightning appears from out of thin air!
The bolt of lightning hits Nikola!
Unknown command.
Unknown command.
Casting: Bolt of Magma (safe; 1% risk of failure)
Confirm with . or Enter, or press ? or * to list all spells.
Aiming: Bolt of Magma (safe; 1% risk of failure)
Press: ? - help, Shift-Dir - straight line, f/p - Nikola
Aim: Nikola, wielding a +2 rapier of electrocution, wearing a +0 cloak of poison resistance and wearing a +0 pair of gloves (flame, severely wounded, 75% to hit)
The bolt of magma hits Nikola!!!
Nikola is almost dead.
Nikola is engulfed in blazing flames.
Nikola gestures wildly while chanting.
Lightning arcs from Nikola's hands!
The bolt of lightning hits you!!! You resist.
You die...

........##
##....##
#####....##
##....#
##......##
##..<###
###...#.)#.##
##.#..#
....####....##
##§§.# ....##
##....## #§§.#
.....#
##....###@§.#
##..###
##.....§§§.#
###..###
##....@§§.# #
##...#
#...###...# ##
#...# #...#
#...# .##
#...# #...#
#...# ..#
#...# #...#
#...# ..#
#...# #...#
#...# ..#
#...# #.###
#...# ..#
#...# ## #....
.## #...# ###


You could see Nikola.

Vanquished Creatures
  Rupert (D:12)
  A lich (Abyss:2)
  Roxanne (D:15)
  Kirke (Snake:1)
  An azure jelly (IceCv)
  Aizul (Snake:1)
  An orc warlord (Bailey)
  3 quicksilver oozes (IceCv)
  The ghost of Reiph the Frost Mage, a journeyman DgIE (D:12)
  The ghost of Sytt the Brawler, a journeyman DrTm of Jiyva (D:13)
  The ghost of Sytt the Brawler, a journeyman DrTm of Jiyva (D:13)
  A lorocyproca (Abyss:2)
  The ghost of Ophy Cobb the Thaumaturge, a journeyman VSCj of Gozag (D:13)
  Nessos (D:14)
  An eidolon (Abyss:2)
  An ettin (D:13)
  The ghost of Simpacva the Unseen, a journeyman SpEn of Dithmenos (D:13)
  The ghost of Simpacva the Unseen, a journeyman SpEn of Dithmenos (D:13)
  An ice dragon (Lair:2)
  5 boulder beetles
  A naga warrior (Snake:1)
  Erolcha (D:10)
  12 centaur warriors
  2 ogre magi
  3 anacondas (Snake:1)
  9 hydras
  A tengu warrior (D:13)
  12 two-headed ogres
  The ghost of Eronk the Geomancer, a journeyman GrEE of Vehumet (D:13)
  The ghost of Eronk the Geomancer, a journeyman GrEE of Vehumet (D:13)
  9 death yaks
  An alligator (shapeshifter) (Lair:6)
  3 thrashing horrors (Lair:6)
  A naga sharpshooter (Snake:1)
  Nergalle (Lair:2)
  A skeletal warrior (D:13)
  8 large abominations
  A flayed ghost (D:13)
  A wretched star (Abyss:2)
  A sixfirhy (Abyss:2)
  A naga ritualist (Snake:1)
  An anaconda skeleton (Abyss:2)
  2 wizards
  A swamp dragon (Lair:6)
  6 orc knights
  A lindwurm (Lair:2)
  3 starcursed masses (Abyss:2)
  A necromancer (D:15)
  3 deep elf pyromancers
  A mana viper (Snake:1)
  An orb spider (shapeshifter) (D:15)
  7 ugly things
  A deep elf zephyrmancer (D:15)
  3 orc sorcerers
  A worldbinder (Abyss:2)
  4 cyclopes
  A manticore (D:14)
  A salamander (Snake:1)
  Joseph (D:9)
  An oklob plant (Lair:2)
  10 elephants
  10 black mambas
  3 ice statues
  A stone giant skeleton (Abyss:2)
  A black mamba (shapeshifter) (Lair:6)
  4 smoke demons
  13 cane toads
  A torpor snail (Lair:3)
  3 gargoyles
  2 naga magi (D:15)
  An unseen horror (D:12)
  2 yaktaurs
  3 rime drakes
  A kobold demonologist (D:12)
  11 komodo dragons
  An efreet (Abyss:2)
  A tormentor (Abyss:2)
  2 tengu conjurers
  A freezing wraith (D:15)
  8 trolls
  2 ancient zymes
  A meliai (shapeshifter) (Lair:6)
  A red devil (Abyss:2)
  A troll (shapeshifter) (D:15)
  A merfolk (shapeshifter) (Lair:6)
  19 slime creatures
  10 polar bears
  17 blink frogs
  Prince Ribbit (D:9)
  2 hornets
  A meliai zombie (D:15)
  An air elemental (Abyss:2)
  A flying skull (Abyss:2)
  2 vampires
  2 wraiths
  2 spriggans (Lair:6)
  37 yaks
  10 wyverns
  A hog (Snake:1)
  2 shadows
  8 basilisks
  16 humans (D:14)
  2 chaos spawn (Lair:6)
  A steam dragon (D:8)
  Grum (D:8)
  6 vampire mosquitoes
  8 nagas
  4 demonic crawler simulacra (IceCv)
  4 wargs
  Menkaure (Ossuary)
  17 water moccasins
  2 hell hounds (Abyss:2)
  37 orc warriors
  7 ice beasts
  3 black bears
  2 ugly thing simulacra (IceCv)
  11 ogres
  A hornet zombie (D:15)
  A fire dragon simulacrum (Abyss:2)
  21 centaurs
  10 wolves
  3 kobold brigands
  13 bullfrogs
  A gnoll sergeant (D:11)
  2 glowing shapeshifter simulacra (IceCv)
  2 scorpions
  A water moccasin zombie (D:5)
  A water moccasin skeleton (D:6)
  5 electric eels
  7 wights
  A howler monkey (D:6)
  9 centaur zombies
  9 orc priests
  4 hounds
  7 jellies
  2 gnoll shamans
  2 centaur skeletons (D:7)
  An iron imp (Abyss:2)
  5 hell rats (Lair:2)
  Jessica (D:2)
  2 iguanas
  22 orc wizards
  2 killer bee zombies
  13 small abominations
  5 centaur simulacra
  2 ogre zombies (Ossuary)
  6 mummies (Ossuary)
  2 howler monkey zombies
  17 gnolls
  7 adders
  9 white imps
  2 howler monkey simulacra (D:8)
  2 ufetubi
  2 adder zombies (Ossuary)
  2 worms
  4 dart slugs
  69 orcs
  8 ball pythons
  6 bats
  6 endoplasms
  5 giant cockroaches
  A gnoll zombie (Ossuary)
  10 goblins
  12 hobgoblins
  5 jackals
  34 kobolds
  3 quokkas
  4 frilled lizards
  7 goblin zombies (Ossuary)
  3 hobgoblin zombies (Ossuary)
  A kobold zombie (Ossuary)
  5 quokka zombies (Ossuary)
  7 rats
  6 rat zombies (Ossuary)
  A lurking horror (Abyss:2)
861 creatures vanquished.

Vanquished Creatures (collateral kills)
  Saint Roka (Orc:2)
  A troll (Orc:2)
  An orc warrior (Orc:2)
  A centaur zombie (D:7)
  2 orcs (Orc:2)
6 creatures vanquished.

Vanquished Creatures (others)
  A tengu conjurer (D:15)
  2 humans (Snake:1)
  A small abomination (Abyss:2)
  A white imp (D:8)
  An orc (Orc:2)
  39 fungi
  83 plants
128 creatures vanquished.

Grand Total: 995 creatures vanquished

Notes
Turn   | Place    | Note
-------+----------+-------------------------------------------
     0 | D:1      | fjnnd the Gargoyle Earth Elementalist began the quest for
                  | the Orb.
     0 | D:1      | Reached XP level 1. HP: 10/10 MP: 3/3
   269 | D:1      | Reached XP level 2. HP: 15/15 MP: 3/5
   396 | D:1      | Reached skill level 4 in Earth Magic
   555 | D:1      | Reached XP level 3. HP: 15/19 MP: 2/6
   560 | D:1      | Learned a level 3 spell: Stone Arrow
  1196 | D:2      | Noticed Jessica
  1198 | D:2      | Killed Jessica
  1199 | D:2      | Reached skill level 1 in Conjurations
  1199 | D:2      | Reached XP level 4. HP: 22/24 MP: 5/8
  1332 | D:2      | Found an ancient bone altar of Kikubaaqudgha.
  1718 | D:2      | Reached skill level 5 in Earth Magic
  2041 | D:3      | Reached XP level 5. HP: 23/28 MP: 4/9
  2824 | D:4      | Reached XP level 6. HP: 32/32 MP: 6/11
  3070 | D:4      | Noticed a black bear
  3076 | D:4      | Killed a black bear
  3077 | D:4      | Reached skill level 6 in Earth Magic
  3093 | D:4      | Reached XP level 7. HP: 35/36 MP: 4/13
  3617 | D:4      | Found a staircase to the Ecumenical Temple.
  3623 | Temple   | Entered the Ecumenical Temple
  3827 | Temple   | Became a worshipper of Vehumet
  3950 | D:5      | Entered Level 5 of the Dungeon
  4423 | D:5      | Found a hide-covered altar of Uskayaw.
  4424 | D:5      | Found a shimmering altar of Xom.
  5292 | D:5      | Reached skill level 7 in Earth Magic
  5678 | D:6      | Reached skill level 5 in Spellcasting
  5723 | D:6      | Reached skill level 5 in Conjurations
  5723 | D:6      | Reached XP level 8. HP: 32/41 MP: 7/15
  5839 | D:6      | You fall into a shaft and drop 1 floor!
  5846 | D:7      | Found a sand-covered staircase.
  5877 | Ossuary  | Entered an ossuary
  5910 | Ossuary  | Reached * piety under Vehumet
  5910 | Ossuary  | Offered knowledge of Freeze by Vehumet.
  6500 | Ossuary  | Offered knowledge of Magic Dart by Vehumet.
  6548 | Ossuary  | Noticed Menkaure
  6562 | Ossuary  | Killed Menkaure
  6563 | Ossuary  | Reached ** piety under Vehumet
  6740 | D:7      | Noticed a hornet
  6744 | D:7      | Killed a hornet
  6745 | D:7      | Reached skill level 8 in Earth Magic
  6797 | D:7      | Found a glowing silver altar of Zin.
  6937 | D:6      | Reached XP level 9. HP: 45/45 MP: 18/18
  7196 | D:6      | Got Sif Muna's Collected Works on Flying Orientation
  7709 | D:7      | Found Juobriyb's CLEARANCE SALE! EVERYTHING MUST GO!.
  7716 | D:7      | Bought a lightning rod (4/4) for 150 gold pieces
  7716 | D:7      | Bought a condenser vane for 200 gold pieces
  7946 | D:7      | Reached skill level 9 in Earth Magic
  8369 | D:8      | Reached skill level 1 in Armour
  8372 | D:8      | Reached skill level 1 in Fighting
  8378 | D:8      | Noticed a polar bear
  8381 | D:8      | Killed a polar bear
  8382 | D:8      | Reached skill level 1 in Evocations
  8523 | D:8      | Found a flagged portal.
  8534 | D:8      | Offered knowledge of Mephitic Cloud by Vehumet.
  8543 | D:8      | Reached skill level 1 in Maces & Flails
  8549 | Bailey   | Entered a bailey
  8578 | Bailey   | Noticed an orc warlord
  8581 | Bailey   | Reached *** piety under Vehumet
  8959 | Bailey   | Found a runed translucent gate.
  8960 | Bailey   | Found a runed translucent gate.
  8961 | Bailey   | Found a runed translucent gate.
  8968 | Bailey   | Noticed an orc knight
  8996 | Bailey   | Killed an orc knight
  8997 | Bailey   | Reached XP level 10. HP: 55/55 MP: 14/20
  9067 | Bailey   | Acquired 625 gold pieces
  9080 | Bailey   | Offered knowledge of Inner Flame by Vehumet.
  9298 | Bailey   | Killed an orc warlord
  9490 | Bailey   | Identified the +0 leather armour "Qithol" {rCorr}
  9502 | Bailey   | Acquired 863 gold pieces
  9528 | D:7      | Bought a +2 pair of gloves for 82 gold pieces
 10130 | D:8      | Noticed Grum
 10143 | D:8      | Killed Grum
 10160 | D:8      | Reached skill level 10 in Earth Magic
 10422 | D:8      | Noticed a two-headed ogre
 10427 | D:8      | Killed a two-headed ogre
 10428 | D:8      | Reached XP level 11. HP: 62/62 MP: 9/22
 10709 | D:9      | Noticed Joseph
 10716 | D:9      | Killed Joseph
 10733 | D:9      | Reached **** piety under Vehumet
 10795 | D:9      | Learned a level 5 spell: Bolt of Magma
 10804 | D:9      | Found an opulent altar of Gozag.
 10976 | D:9      | Noticed Prince Ribbit
 10981 | D:9      | Killed Prince Ribbit
 11365 | D:9      | Offered knowledge of Airstrike by Vehumet.
 11852 | D:10     | Entered Level 10 of the Dungeon
 11858 | D:10     | Noticed Erolcha
 12011 | D:10     | Killed Erolcha
 12012 | D:10     | Reached skill level 5 in Fighting
 12417 | D:10     | Identified the +7 war axe of Immadytegh {drain, Str+7}
 12839 | D:11     | Reached skill level 5 in Armour
 13155 | D:11     | Found a staircase to the Lair.
 13348 | D:11     | Found a frozen archway.
 13396 | IceCv    | Entered an ice cave
 13784 | IceCv    | Reached skill level 5 in Maces & Flails
 13784 | IceCv    | Reached XP level 12. HP: 69/69 MP: 24/24
 13833 | IceCv    | Reached ***** piety under Vehumet
 13919 | IceCv    | Noticed a quicksilver ooze
 13928 | IceCv    | Killed a quicksilver ooze
 13928 | IceCv    | Offered knowledge of Hailstorm by Vehumet.
 13929 | IceCv    | Reached skill level 11 in Earth Magic
 14172 | IceCv    | Reached skill level 5 in Evocations
 14236 | IceCv    | Reached skill level 5 in Dodging
 14592 | IceCv    | Noticed a quicksilver ooze
 14616 | IceCv    | Killed a quicksilver ooze
 14777 | IceCv    | Noticed a quicksilver ooze
 14779 | IceCv    | Noticed an azure jelly
 14784 | IceCv    | Killed a quicksilver ooze
 14785 | IceCv    | Killed an azure jelly
 14999 | IceCv    | Found a viscous altar of Jiyva.
 15022 | IceCv    | Identified the ring "Ileopiz" {rPois rC- EV+4 Int+4 Dex+6}
 15353 | IceCv    | Identified the +4 dire flail of Kourph {freeze, rC+ Will+
                  | MP+9}
 16081 | D:12     | Noticed a two-headed ogre
 16088 | D:12     | Reached skill level 10 in Conjurations
 16089 | D:12     | Killed a two-headed ogre
 16198 | D:12     | Reached XP level 13. HP: 76/76 MP: 21/26
 16295 | D:12     | Noticed Rupert
 16313 | D:12     | Killed Rupert
 16605 | D:12     | Found a runed translucent gate.
 16605 | D:12     | Found a runed translucent gate.
 16605 | D:12     | Found a runed translucent gate.
 16610 | D:12     | Identified the +2 plate armour of Iluisic {Harm Rampage
                  | Regen+ Str-2}
 16611 | D:12     | Noticed nefef's ghost (journeyman GrEE)
 17044 | D:12     | Found a staircase to the Orcish Mines.
 17286 | D:12     | Found Ufenac's Serpentskin Sales.
 17436 | D:13     | Found a huge runed gate.
 17436 | D:13     | Found a huge runed gate.
 17450 | D:13     | Found a huge runed gate.
 17554 | D:13     | Reached skill level 12 in Earth Magic
 17745 | D:13     | Found a huge runed gate.
 17745 | D:13     | Found a huge runed gate.
 17746 | D:13     | Found a huge runed gate.
 17746 | D:13     | Found a huge runed gate.
 17754 | D:13     | Found a huge runed gate.
 17754 | D:13     | Found a huge runed gate.
 17960 | D:13     | Found a huge runed gate.
 17961 | D:13     | Found a huge runed gate.
 17974 | D:13     | Found a huge runed gate.
 17975 | D:13     | Found a huge runed gate.
 17975 | D:13     | Found a huge runed gate.
 17975 | D:13     | Found a huge runed gate.
 17976 | D:13     | Found a huge runed gate.
 17976 | D:13     | Found a huge runed gate.
 17976 | D:13     | Found a huge runed gate.
 17976 | D:13     | Found a huge runed gate.
 17976 | D:13     | Found a huge runed gate.
 17983 | D:13     | Found a huge runed gate.
 17984 | D:13     | Found a huge runed gate.
 17984 | D:13     | Found a huge runed gate.
 17999 | D:13     | Found a huge runed gate.
 18007 | D:13     | Found a huge runed gate.
 18007 | D:13     | Found a huge runed gate.
 18007 | D:13     | Found a huge runed gate.
 18015 | D:13     | Found a huge runed gate.
 18015 | D:13     | Found a huge runed gate.
 18016 | D:13     | Found a huge runed gate.
 18897 | D:13     | Noticed Reiph's ghost (journeyman DgIE)
 18897 | D:13     | Noticed Ophy Cobb's ghost (journeyman VSCj)
 18897 | D:13     | Noticed Simpacva's ghost (journeyman SpEn)
 18897 | D:13     | Noticed Eronk's ghost (journeyman GrEE)
 18897 | D:13     | Noticed Simpacva's ghost (journeyman SpEn)
 18897 | D:13     | Noticed Sytt's ghost (journeyman DrTm)
 18897 | D:13     | Noticed Eronk's ghost (journeyman GrEE)
 18897 | D:13     | Noticed Sytt's ghost (journeyman DrTm)
 18897 | D:13     | Noticed an ettin
 18906 | D:13     | Killed an ettin
 19081 | D:12     | Killed Reiph's ghost
 19082 | D:12     | Gained mutation: Your large and strong wings let you fly.
                  | [Gargoyle growth]
 19082 | D:12     | Reached XP level 14. HP: 81/84 MP: 15/27
 19183 | Lair:1   | Entered Level 1 of the Lair of Beasts
 19577 | Lair:1   | Identified the amulet "Renwibof" {Reflect Str+4 SH+5 SInv}
 20004 | Lair:2   | Identified the +2 robe of the Grue {*Corrode Int+2 Dex+3}
 20024 | Lair:2   | Noticed makewrite's ghost (journeyman MiMo)
 20029 | Lair:2   | Found a runed translucent door.
 20199 | Lair:2   | Offered knowledge of Lee's Rapid Deconstruction by Vehumet.
 20223 | Lair:2   | Learned a level 5 spell: Lee's Rapid Deconstruction
 20846 | Lair:2   | Reached skill level 10 in Spellcasting
 21180 | Lair:2   | Acquired a book of Transfigurations
 21188 | Lair:2   | Learned a level 5 spell: Irradiate
 21210 | Lair:2   | Noticed Nergalle
 21214 | Lair:2   | Killed Nergalle
 21940 | Lair:3   | Found a staircase to the Snake Pit.
 22313 | Lair:3   | You are sucked into a shaft and drop 3 floors!
 22313 | Lair:6   | Entered Level 6 of the Lair of Beasts
 22335 | Lair:6   | Offered knowledge of Yara's Violent Unravelling by Vehumet.
 22336 | Lair:6   | Reached skill level 13 in Earth Magic
 22859 | Lair:3   | Found a staircase to the Swamp.
 23953 | Lair:5   | Reached skill level 1 in Fire Magic
 24264 | Lair:5   | Found a staircase to the Slime Pits.
 24331 | Lair:5   | Reached XP level 15. HP: 92/92 MP: 27/29
 24333 | Lair:5   | Reached XP level 16. HP: 96/96 MP: 26/30
 24334 | Lair:5   | Reached XP level 17. HP: 101/101 MP: 27/32
 24335 | Lair:5   | Reached XP level 18. HP: 107/107 MP: 27/33
 25720 | Lair:6   | Reached skill level 10 in Fighting
 26834 | Lair:6   | Found a corrupted altar of Lugonu.
 26834 | Lair:6   | Found a one-way gate to the infinite horrors of the Abyss.
 27222 | Orc:1    | Entered Level 1 of the Orcish Mines
 27394 | Orc:2    | Entered Level 2 of the Orcish Mines
 27428 | Orc:2    | Noticed Saint Roka
 27446 | Orc:2    | Killed Saint Roka
 27450 | Orc:2    | Offered knowledge of Eringya's Noxious Bog by Vehumet.
 27798 | Orc:2    | Found Puoca's General Store.
 27809 | Orc:2    | Bought 2 potions of curing for 90 gold pieces
 27825 | Orc:2    | Reached skill level 10 in Fire Magic
 28146 | Orc:2    | Found Kacraiqae's Assorted Antiques.
 28164 | Orc:2    | Found Nicwet's Armour Boutique.
 28164 | Orc:2    | Found Zittam's Distillery.
 28207 | Orc:2    | Found Jaett's Assorted Antiques.
 28213 | Orc:2    | Bought a scroll of magic mapping for 87 gold pieces
 28213 | Orc:2    | Bought a potion of curing for 75 gold pieces
 28218 | Orc:2    | Bought an ancient glass ring for 140 gold pieces
 28218 | Orc:2    | Identified the ring of Ladd {Fly Will- MP+9 Str+2 Stlth+}
                  | (You bought it in a shop on level 2 of the Orcish Mines)
 28218 | Orc:2    | Bought a potion of invisibility for 224 gold pieces
 28218 | Orc:2    | Bought a potion of brilliance for 112 gold pieces
 28222 | Orc:2    | Bought a potion of berserk rage for 75 gold pieces
 28222 | Orc:2    | Bought a potion of curing for 45 gold pieces
 28222 | Orc:2    | Bought a potion of brilliance for 60 gold pieces
 28222 | Orc:2    | Bought a potion of ambrosia for 120 gold pieces
 28222 | Orc:2    | Bought a potion of resistance for 150 gold pieces
 28222 | Orc:2    | Bought a potion of curing for 45 gold pieces
 28222 | Orc:2    | Bought a potion of berserk rage for 75 gold pieces
 28222 | Orc:2    | Bought a potion of curing for 45 gold pieces
 28222 | Orc:2    | Bought 2 potions of heal wounds for 150 gold pieces
 28222 | Orc:2    | Bought a potion of heal wounds for 75 gold pieces
 28222 | Orc:2    | Bought a potion of attraction for 45 gold pieces
 28396 | Orc:2    | Found a staircase to the Elven Halls.
 29120 | D:13     | Killed Simpacva's ghost
 29122 | D:13     | Killed Simpacva's ghost
 29157 | D:13     | Killed Sytt's ghost
 29175 | D:13     | Killed Sytt's ghost
 29386 | D:13     | Killed Eronk's ghost
 29386 | D:13     | Reached ****** piety under Vehumet
 29394 | D:13     | Identified the +8 morningstar of Tomorrow {vorpal, rPois
                  | rN+}
 29395 | D:13     | Identified the +6 mace of the Briny Deep {antimagic, Will+}
 29747 | D:13     | Killed Ophy Cobb's ghost
 29748 | D:13     | Killed Eronk's ghost
 29862 | D:13     | Identified the +8 executioner's axe "Paamycs" {venom,
                  | Int+3}
 29878 | D:14     | Found a gate to the Vaults.
 29878 | D:14     | Noticed Nessos
 29908 | D:14     | Killed Nessos
 29914 | D:14     | Offered knowledge of Fireball by Vehumet.
 29916 | D:14     | Reached skill level 14 in Earth Magic
 30175 | D:14     | Learned a level 5 spell: Fireball
 30221 | D:14     | Reached XP level 19. HP: 113/113 MP: 29/35
 31090 | D:15     | Entered Level 15 of the Dungeon
 31258 | D:15     | Reached skill level 10 in Maces & Flails
 31482 | D:15     | Cast into level 2 of the Abyss (a wizard)
 31482 | Abyss:2  | Found a corrupted altar of Lugonu.
 31708 | Abyss:2  | Paralysed by an air elemental for 1 turns
 32155 | Abyss:2  | Noticed a hellephant
 32372 | D:15     | Escaped the Abyss
 32546 | D:15     | Paralysed by an orc sorcerer for 5 turns
 32759 | D:15     | Found a staircase to the Depths.
 33543 | D:15     | Offered knowledge of Spellforged Servitor by Vehumet.
 33564 | D:15     | Noticed Roxanne
 33573 | D:15     | Killed Roxanne
 33999 | Snake:1  | Entered Level 1 of the Snake Pit
 34037 | Snake:1  | Noticed Kirke
 34042 | Snake:1  | Killed Kirke
 34724 | Snake:1  | Noticed Aizul
 34746 | Snake:1  | Killed Aizul
 35292 | Snake:1  | Noticed Nikola
 35302 | Snake:1  | Killed from afar by Nikola

Illustrated notes

Levels and vault maps discovered:
D:1:      amcnicky_arrival_flooded_fountain, layout_basic
D:2:      layout_basic, basic_altar, minmay_misc_feat_enclosed, uniq_jessica
D:3:      layout_rooms, minmay_misc_feat_room
D:4:      minmay_chambers_of_fours, layout_loops_ring, minmay_temple_entry_fiery
D:5:      layout_layer_cave, mainiacjoe_overflow_divided_tiny, serial_bayou,
          serial_bayou_lagoon_a, serial_bayou_pond_a, serial_bayou_pond_d,
          serial_bayou_pond_c, serial_bayou_shore_a,
          cheibrodos_sewer_entry_bend, st_stairs_12, minmay_misc_feat_cross,
          minmay_misc_feat_five, serial_bayou_pond_e
D:6:      layout_rooms
D:7:      layout_cave_pools, lemuel_crystal_altar,
          nicolae_ossuary_entry_false_entrances, hangedman_decor_growths,
          grunt_decor_arrowhead, nicolae_shop_clearance
D:8:      minmay_inner_zag, layout_cave_pools, serial_ice, serial_ice_i,
          serial_ice_h, serial_ice_c, serial_ice_o, serial_ice_n, serial_ice_m,
          enter_bailey_2, kennysheep_doodads, uniq_grum
D:9:      layout_basic, general_overflow_altar, serial_bayou,
          serial_bayou_pond_d, serial_bayou_ford_a, serial_bayou_crossing,
          serial_bayou_pond_d, nicolae_water_bricks, uniq_joseph,
          uniq_prince_ribbit1
D:10:     layout_cave_pools, uniq_erolcha
D:11:     layout_loops_corners, minmay_lair_entry_grove, portal_ice_cave_rime
D:12:     layout_small_grid, erik_orc_2, biasface_ghost_orc_armoury,
          guppyfry_shop_venom, uniq_rupert
D:13:     layout_basic, gammafunk_ghost_door_vault, minmay_misc_feat_chi
D:14:     layout_roguey, david_vaults_3, chequers_serial_rivers_small_b
D:15:     grunt_enter_depths_magical_seal, layout_layer_cave, uniq_nessos,
          uniq_roxanne
Temple:   dpeg_five_rooms_temple
Lair:1:   layout_long_grid, chequers_serial_rivers_micro_a,
          infiniplex_staircase_pool, lemuel_fruit_fields
Lair:2:   wander_river, layout_cave_pods, hellmonk_ghost_happy_afterlife,
          minmay_stone_trees_small, minmay_lair_oklob_bushes,
          eino_small_chamber_without_monster, cheibrodos_lair_caveside_slide,
          nicolae_quartered_pool_super, ice2_lemuel, uniq_nergalle
Lair:3:   layout_roguey, swamp_mist, minmay_snake_entry_guardpost_small,
          beast_lair_carwin_4
Lair:4:   layout_regular_city, infiniplex_staircase_pool_2
Lair:5:   layout_roguey, nicolae_slime_entry_slimehenge
Lair:6:   hellmonk_lair_end_abyssal_woods, layout_concentric_octagons,
          hibernation_bobbens
Snake:1:  layout_concentric_octagons, uniq_aizul, uniq_kirke, uniq_nikola
Orc:1:    layout_caves
Orc:2:    st_orc_rangers, layout_caves, serial_shops, shop, uniq_saint_roka

Skill      XL: |  1  2  3  4  5  6  7  8  9 10 11 12 13 14 15 16 17 18 19 |
---------------+----------------------------------------------------------+-----
Earth Magic    | 4 5 6 7 8 9 10 11 12 13 14 | 14.5
Spellcasting   | 3 4 5 6 7 8 9 10 11 12 | 12.5
Conjurations   | 1 2 3 5 6 7 8 9 10 11 12 13 | 13.0
Armour         | 2 4 5 6 |  6.0
Fighting       | 2 4 5 7 8 9 10 11 | 11.3
Dodging        | 2 3 4 5 6 7 8 9 |  9.0
Evocations     | 2 3 4 5 7 8 9 |  9.6
Maces & Flails | 1 3 5 6 7 8 9 10 | 10.4
Fire Magic     | 1 6 7 8 10 11 | 11.7
Stealth        | |  2.1
Transmutations | |  0.7

Action                   |  1- 3 |  4- 6 |  7- 9 | 10-12 | 13-15 | 16-18 | 19-21 || total
-------------------------+-------+-------+-------+-------+-------+-------+-------++-------
Melee: Unarmed           |     6 |       |       |       |       |       |       ||     6
       Short sword       |    44 |   148 |   284 |   174 |       |       |       ||   650
       Dire flail        |       |       |       |    42 |   472 |   330 |       ||   844
       Morningstar       |       |       |       |       |       |       |   221 ||   221
 Cast: Sandblast         |    14 |    27 |    80 |    90 |    22 |    30 |     1 ||   264
       Stone Arrow       |       |     2 |    33 |   104 |    82 |    38 |    86 ||   345
       Bolt of Magma     |       |       |       |    59 |    97 |    91 |    57 ||   304
       Irradiate         |       |       |       |       |     4 |     6 |     2 ||    12
       Lee's Rapid Decon |       |       |       |       |     2 |    14 |    19 ||    35
       Fireball          |       |       |       |       |       |     3 |     6 ||     9
Evoke: Wand              |       |     4 |       |     4 |     2 |       |       ||    10
       Lightning rod     |       |       |     2 |     6 |     5 |       |     3 ||    16
       Condenser vane    |       |       |       |     1 |     3 |     2 |     1 ||     7
       Phial of floods   |       |       |       |     1 |     1 |     1 |     1 ||     4
       Phantom mirror    |       |       |       |       |     1 |     1 |       ||     2
  Use: Scroll            |       |     6 |    20 |     8 |    13 |     7 |     1 ||    55
       Potion            |       |       |       |     8 |     3 |     5 |       ||    16
 Stab: Sleeping          |     1 |     5 |    10 |     1 |     3 |       |       ||    20
       Distracted        |       |       |       |       |     1 |       |       ||     1
Armor: Robe              |    23 |    46 |   114 |     3 |       |       |       ||   186
       Steam dragon scal |       |       |       |   176 |   276 |   182 |   152 ||   786
       Leather armour    |       |       |       |     7 |       |       |       ||     7
Dodge: Dodged            |    30 |    68 |   169 |   220 |   462 |   368 |   287 ||  1604
Block: Other             |       |       |       |       |    90 |   102 |    67 ||   259
       Reflection        |       |       |       |       |     1 |     7 |     7 ||    15

Table legend: (Time is in decaauts)
 A = Elapsed time spent in this place.
 B = Non-inter-level travel time spent in this place.
 C = Inter-level travel time spent in this place.
 D = Time resting spent in this place.
 E = Time spent auto-exploring this place.
 F = Levels seen in this place.
 G = Mean time per level.
                   A        B        C        D        E       F      G
               +--------+--------+--------+--------+--------+-----+--------+
         Total |  35075 |  33818 |   1257 |   4266 |  23688 |  29 | 1209.5 |
       Dungeon |  19131 |  18467 |    664 |   1648 |  13961 |  15 | 1275.4 |
        Temple |    255 |    179 |     76 |      0 |    178 |   1 |  255.0 |
          Lair |   7989 |   7593 |    396 |    452 |   5870 |   6 | 1331.5 |
     Snake Pit |   1328 |   1328 |      0 |      0 |   1151 |   1 | 1328.0 |
  Orcish Mines |   1764 |   1645 |    119 |    314 |   1004 |   2 |  882.0 |
         Abyss |    889 |    889 |      0 |     13 |    624 |   1 |  889.0 |
       Ossuary |    788 |    788 |      0 |     65 |    497 |   1 |  788.0 |
        Bailey |    941 |    941 |      0 |    435 |    220 |   1 |  941.0 |
      Ice Cave |   1986 |   1986 |      0 |   1338 |    182 |   1 | 1986.0 |
               +--------+--------+--------+--------+--------+-----+--------+

Top non-repeatable levels by time:
  Lair:6: 2077 daAuts
    D:13: 2046 daAuts
   IceCv: 1986 daAuts
    D:12: 1812 daAuts
     D:5: 1728 daAuts
    D:15: 1723 daAuts
  Lair:2: 1634 daAuts
    D:11: 1487 daAuts
     D:9: 1467 daAuts
     D:8: 1351 daAuts
    D:14: 1336 daAuts
 Snake:1: 1328 daAuts
  Lair:3: 1316 daAuts
     D:1: 1168 daAuts
   Orc:2: 1053 daAuts
